 Dungeon Crawl Stone Soup version 0.31-a0-1300-gb6740aa4e6 (webtiles) character file.

Game seed: 9209862357845683251

105 LeprechaunX the Changeling (level 4, -2/29 HPs)
             Began as an Octopode Shapeshifter on Dec 18, 2023.
             Slain by an orc
             ... wielding a +0 short sword
              (4 damage)
             ... on level 3 of the Dungeon.
             The game lasted 00:01:51 (2280 turns).

LeprechaunX the Changeling (Octopode Shapeshifter)  Turns: 2280, Time: 00:01:51

Health: -2/29      AC:  1    Str: 13    XL:     4   Next: 83%
Magic:  4/4        EV: 13    Int: 12    God:
Gold:   138        SH:  0    Dex: 13    Spells: 3/3 levels left

rFire   . .          .
                       - Unarmed
rCold   . . .        (no shield)
rNeg    . . .        (helmet currently unavailable)
rPois   .            (no amulet)
rElec   .            (no ring)
rCorr   .            (no ring)
SInv    .            (no ring)
Will    .....        (no ring)
Stlth   ++           (no ring)
HPRegen 0.24/turn    (no ring)
MPRegen 0.09/turn    (no ring)
                     (no ring)

%: no passive effects
@: beast-form
A: beast (slay +2), almost no armour, amphibious, 8 rings, camouflage 1,
gelatinous body 1, (nimble swimmer 1), tentacles
a: Begin Untransformation


You were on level 3 of the Dungeon.
You were a hulking beast.
You visited 1 branch of the dungeon, and saw 3 of its levels.

You collected 138 gold pieces.

Inventory:

Missiles
 k - 2 atropa-tipped darts
 m - 4 curare-tipped darts
 n - 8 silver javelins
Talismans
 b - a beast talisman
 c - a flux talisman
Scrolls
 f - 2 scrolls of teleportation {unknown}
 j - 3 scrolls of identify {unknown}
 l - a scroll of silence {unknown}
Potions
 a - a potion of lignification
 d - 2 potions of curing {unknown}
 e - 2 potions of might {unknown}
 g - a potion of magic {unknown}
 h - a potion of berserk rage {unknown}
 i - a potion of heal wounds {unknown}
 o - a potion of degeneration {unknown}
 p - a potion of haste {unknown}


   Skills:
 + Level 2.1 Fighting
 + Level 1.0 Throwing
 - Level 2.0 Dodging
 + Level 3.6 Unarmed Combat
 * Level 4.0 Shapeshifting


You had 3 spell levels left.
You didn't know any spells.
Your spell library contained the following spells:

 Spells                   Type           Power      Damage    Failure   Level
 Apportation              Tloc           0%         N/A       32%         1
 Necrotise                Necr           0%         1d4       32%         1
 Summon Small Mammal      Summ           0%         N/A       32%         1


Dungeon Overview and Level Annotations

Branches:
Dungeon (3/15)

Altars:


Innate Abilities, Weirdness & Mutations

You are a hulking beast.
Your limbs bulge with bestial killing power. (Slay +2)
You cannot wear most types of armour.
You are amphibious.
You can wear up to eight rings at the same time.
Your skin changes colour to match your surroundings (Stealth+).
Your rubbery body absorbs attacks. (AC +1, EV +1)
((You are camouflaged when in or above water. (Stealth+)))
You have tentacles for arms and can constrict up to eight enemies at once.


Message History

You kill the dart slug!
No target in view!
No target in view!
No target in view!
No target in view!
No target in view!
No target in view!
No target in view!
You see here a dart slug corpse.
You see here a +0 dagger.
Found 6 stones.
An orc priest comes into view. It is wielding a +0 hand axe.
An orc priest is nearby!
An orc priest is nearby!
An orc priest is nearby!
The orc priest shouts!
You hear a shout! x2
An orc comes into view. It is wielding a +0 short sword.
The orc shouts!
You tentacle-slap the orc priest. You grab the orc priest.
You squeeze the orc priest.
The orc priest is moderately wounded.
You constrict the orc priest.
You hear a loud squeak.
The orc priest calls down the wrath of Beogh upon you.
Pain shoots through your body!
You tentacle-slap the orc priest.
The orc priest is heavily wounded.
You constrict the orc priest.
The orc priest hits you with a +0 hand axe.
You tentacle-slap the orc priest.
The orc priest is severely wounded.
You constrict the orc priest.
The orc priest calls down the wrath of Beogh upon you.
Pain shoots through your body!
* * * LOW HITPOINT WARNING * * *
Unknown command.
You tentacle-slap the orc priest.
You kill the orc priest!
The orc hits you with a +0 short sword.
You die...

.. # .# .#
.##. ... ..
.#
#####o##.#
#..
#...h)...#
#..#
#.######.#
#..# #.#
#..# #.#
#..###.##
#..##...#
#..##...###
#.........#
#....(....#


You could see an orc.

Vanquished Creatures
  An orc priest (D:3)
  3 adders (D:2)
  2 worms (D:2)
  4 dart slugs
  7 endoplasms
  2 giant cockroaches
  3 goblins
  3 hobgoblins (D:1)
  10 jackals
  5 quokkas
  5 ball pythons
  A bat (D:2)
  5 frilled lizards
  5 kobolds
  3 rats
59 creatures vanquished.

Notes
Turn   | Place    | Note
-------+----------+-------------------------------------------
     0 | D:1      | LeprechaunX the Octopode Shapeshifter began the quest for
                  | the Orb.
     0 | D:1      | Reached XP level 1. HP: 13/13 MP: 1/1
    28 | D:1      | Reached XP level 2. HP: 5/18 MP: 2/2
   337 | D:1      | Reached XP level 3. HP: 19/23 MP: 3/3
  1182 | D:2      | Reached XP level 4. HP: 26/29 MP: 4/4
  1768 | D:2      | Reached skill level 4 in Shapeshifting
  2184 | D:3      | Reached skill level 1 in Throwing
  2280 | D:3      | Slain by an orc

Illustrated notes

Levels and vault maps discovered:
D:1:      minmay_arrival_open_corners, layout_basic, minmay_tetromino_t2
D:2:      layout_loops_corners, columned_hall_lemuel
D:3:      layout_loops_ring, led_xom_imps, uniq_crazy_yiuf_cottage

Skill      XL: |  1  2  3  4 |
---------------+-------------+-----
Fighting       | 2 |  2.1
Shapeshifting  | 4 |  4.0
Throwing       | 1 |  1.0
Dodging        | |  2.0
Unarmed Combat | |  3.6

Action                     |  1- 3 |  4- 6 || total
---------------------------+-------+-------++-------
  Melee: Unarmed           |    69 |    51 ||   120
         Constrict         |    14 |    11 ||    25
         Tentacles         |    12 |     6 ||    18
         Punch             |     1 |       ||     1
   Stab: Sleeping          |    10 |     4 ||    14
 Armour: Skin              |    20 |    33 ||    53
  Dodge: Dodged            |    29 |    22 ||    51

Table legend: (Time is in decaauts)
 A = Elapsed time spent in this place.
 B = Non-inter-level travel time spent in this place.
 C = Inter-level travel time spent in this place.
 D = Time resting spent in this place.
 E = Time spent auto-exploring this place.
 F = Levels seen in this place.
 G = Mean time per level.
                   A        B        C        D        E       F      G
               +--------+--------+--------+--------+--------+-----+--------+
         Total |   2271 |   2199 |     72 |     37 |   1804 |   3 |  757.0 |
       Dungeon |   2271 |   2199 |     72 |     37 |   1804 |   3 |  757.0 |
               +--------+--------+--------+--------+--------+-----+--------+

Top non-repeatable levels by time:
     D:2: 1193 daAuts
     D:1: 980 daAuts
     D:3: 98 daAuts
